AoeStats
← Tomeš

Golden Pit

508699451Analyzed
1v1 RM · 10d ago on Sep 23, 2026· 69m 38s· 2 players
Game mode
Random Map
Map size
Tiny (2 player)
Population
200
Speed
Normal
Resources
Standard
Victory
Conquest
Starting age
Dark Age
Ending age
Imperial Age
RankedLock teamsTeams togetherTeam positionsShared explorationLock speedFull tech treeHidden civsTurbo modeCheats
Victory
Defeat
🇨🇿 Cumans · Czechia
672
+17
🇮🇹 Persians · Italy
689
-17
Tomeš
6:44 Loom
13:04 Feudal Age
13:29 Horse Collar
13:36 Double-Bit Axe
14:56 Wheelbarrow
14:44 Town Watch
21:02 Gold Mining
21:02 Stone Mining
24:22 Castle Age
23:52 Forging
25:56 Squires
25:17 Pikeman
26:08 Man-at-Arms
26:34 Arson
26:55 Scale Mail Armor
27:29 Long Swordsman
29:56 Heavy Plow
32:51 Chain Mail Armor
34:11 Iron Casting
38:59 Bow Saw
45:48 Imperial Age
46:00 Hand Cart
46:04 Two-Handed Swordsman
46:26 Halberdier
48:56 Blast Furnace
48:34 Plate Mail Armor
47:42 Champion
56:34 Two-Man Saw
58:17 Conscription
57:35 Light Cavalry
58:29 Bloodlines
58:27 Scale Barding Armor
59:13 Crop Rotation
60:42 Chain Barding Armor
60:37 Hussar
70:33 Ballistics
mappe.oettam
9:00 Loom
11:33 Feudal Age
11:58 Double-Bit Axe
12:00 Horse Collar
21:31 Castle Age
20:00 Gold Mining
21:24 Scale Barding Armor
21:54 Light Cavalry
25:36 Scale Mail Armor
24:58 Pikeman
33:11 Imperial Age
31:22 Forging
31:21 Stone Mining
33:10 Bow Saw
33:13 Halberdier
37:44 Chain Mail Armor
40:25 Hoardings
40:35 Gold Shaft Mining
41:01 Conscription
41:34 Cavalier
44:40 Chain Barding Armor
44:57 Iron Casting
46:48 Crossbowman
47:31 Kamandaran
48:43 Thumb Ring
50:28 Plate Barding Armor
54:47 Plate Mail Armor
60:15 Blast Furnace
60:49 Heavy Plow
Connection lost

Rejoining the realm…

Still unreachable

The connection could not be restored.

Session expired

The server has moved on; the page needs a fresh start.